AoeStats
← Rambao

Fortress

509179838Analyzed
4v4 RM · 7d ago on Sep 25, 2026· 65m 18s· 8 players
Game mode
Random Map
Map size
Huge
Population
200
Speed
Normal
Resources
Standard
Victory
Conquest
Starting age
Dark Age
Ending age
Imperial Age
RankedLock teamsTeams togetherTeam positionsShared explorationLock speedFull tech treeHidden civsTurbo modeCheats
Victory
Defeat
🇲🇽 Berbers · Mexico
872
+8
🇫🇷 Spanish · France
817
+10
🇧🇾 Lithuanians · Belarus
777
+12
🇪🇸 Huns · Spain
777
+12
🇮🇳 Huns · India
698
-11
🇮🇳 Goths · India
692
-11
🇮🇳 Chinese · India
682
-10
🇮🇳 Khmer · India
664
-10
ELRULLO
0:41 Loom
9:22 Feudal Age
10:54 Wheelbarrow
10:05 Horse Collar
10:14 Double-Bit Axe
10:23 Gold Mining
17:44 Castle Age
17:07 Stone Mining
17:41 Forging
18:19 Bloodlines
18:42 Hand Cart
18:44 Bow Saw
18:39 Heavy Plow
20:32 Pikeman
21:12 Squires
23:03 Scale Barding Armor
26:22 Marauders
29:55 Imperial Age
27:54 Chain Barding Armor
27:41 Husbandry
29:09 Caravan
30:17 Iron Casting
30:27 Gold Shaft Mining
31:48 Chemistry
31:27 Plate Barding Armor
32:51 Blast Furnace
31:16 Elite Genitour
31:50 Halberdier
32:24 Fletching
32:34 Padded Archer Armor
34:55 Bodkin Arrow
36:10 Conscription
35:12 Elite Tarkan
36:16 Atheism
38:40 Light Cavalry
41:26 Bracer
41:41 Leather Archer Armor
40:54 Hussar
51:19 Scale Mail Armor
59:26 Ballistics
牛胜newsheng8
7:39 Feudal Age
7:25 Loom
8:08 Double-Bit Axe
8:05 Horse Collar
9:47 Gold Mining
9:50 Stone Mining
16:08 Castle Age
14:40 Arson
16:21 Scale Mail Armor
16:27 Scale Barding Armor
17:45 Heavy Plow
19:47 Squires
23:19 Wheelbarrow
23:15 Caravan
23:56 Forging
26:00 Chain Mail Armor
26:22 Iron Casting
27:04 Inquisition
27:44 Hand Cart
27:15 Town Watch
27:56 Chain Barding Armor
27:27 Fletching
27:38 Padded Archer Armor
27:36 Pikeman
32:08 Imperial Age
30:29 Bow Saw
30:59 Stone Shaft Mining
30:21 Bodkin Arrow
31:12 Fortified Wall
30:58 Murder Holes
31:37 Town Patrol
32:15 Leather Archer Armor
33:55 Chemistry
33:16 Ballistics
32:33 Elite Conquistador
34:37 Supremacy
34:37 Conscription
35:56 Coinage
36:20 Bombard Tower
38:06 Ring Archer Armor
37:37 Bracer
38:08 Plate Mail Armor
38:39 Blast Furnace
38:15 Plate Barding Armor
38:25 Banking
38:18 Guilds
41:51 Halberdier
62:15 Two-Man Saw
young bulvės
8:21 Feudal Age
12:47 Double-Bit Axe
12:46 Horse Collar
12:54 Town Watch
13:47 Wheelbarrow
16:57 Castle Age
17:15 Forging
17:07 Scale Mail Armor
17:56 Padded Archer Armor
17:51 Gold Mining
18:36 Bow Saw
19:20 Heavy Plow
20:44 Pikeman
22:34 Chain Mail Armor
24:58 Elite Skirmisher
25:44 Thumb Ring
25:42 Town Patrol
26:57 Hand Cart
28:24 Iron Casting
28:00 Caravan
30:32 Leather Archer Armor
30:08 Fletching
34:49 Imperial Age
32:46 Bodkin Arrow
33:38 Scale Barding Armor
34:42 Chain Barding Armor
35:41 Tower Shields
36:17 Ring Archer Armor
35:48 Bracer
37:08 Chemistry
36:30 Ballistics
38:55 Halberdier
40:31 Crop Rotation
41:09 Two-Man Saw
43:58 Conscription
44:18 Plate Barding Armor
45:49 Elite Leitis
51:26 Elite Genitour
Marquis de Sade
7:21 Feudal Age
7:58 Double-Bit Axe
7:56 Horse Collar
10:32 Loom
13:23 Castle Age
15:32 Town Watch
16:16 Fletching
16:36 Forging
16:30 Padded Archer Armor
17:11 Bow Saw
17:31 Bodkin Arrow
18:10 Heavy Plow
20:00 Leather Archer Armor
20:16 Squires
19:36 Pikeman
20:21 Man-at-Arms
20:47 Arson
21:58 Ballistics
28:19 Imperial Age
26:44 Scale Mail Armor
27:08 Loom
29:21 Wheelbarrow
28:58 Long Swordsman
30:20 Two-Handed Swordsman
32:13 Forging
32:24 Chain Mail Armor
33:14 Forging
35:00 Conscription
34:28 Treadmill Crane
35:53 Iron Casting
35:28 Capped Ram
38:33 Chemistry
38:24 Plate Mail Armor
38:54 Blast Furnace
39:00 Husbandry
39:11 Bloodlines
43:35 Blast Furnace
42:36 Bracer
45:26 Hand Cart
45:12 Town Patrol
45:24 Scale Barding Armor
46:58 Champion
48:49 Light Cavalry
51:47 Chain Barding Armor
50:57 Hussar
56:41 Cavalier
64:58 Thumb Ring
64:14 Elite Skirmisher
RizzThin
7:30 Feudal Age
9:57 Loom
12:13 Castle Age
11:15 Forging
11:07 Scale Mail Armor
12:38 Double-Bit Axe
15:16 Horse Collar
18:05 Squires
17:29 Pikeman
22:03 Iron Casting
21:44 Chain Mail Armor
23:46 Anarchy
26:23 Town Watch
29:24 Town Patrol
32:30 Murder Holes
32:56 Ballistics
32:18 Treadmill Crane
33:38 Fletching
33:49 Padded Archer Armor
33:44 Man-at-Arms
34:49 Caravan
35:48 Wheelbarrow
38:26 Hand Cart
42:22 Imperial Age
40:06 Masonry
40:14 Leather Archer Armor
39:55 Bodkin Arrow
42:08 Heavy Plow
42:20 Bow Saw
42:03 Gold Mining
42:04 Stone Mining
43:07 Bracer
43:37 Ring Archer Armor
44:10 Blast Furnace
44:39 Chemistry
47:01 Architecture
48:07 Conscription
47:20 Elite Huskarl
49:46 Perfusion
61:08 Halberdier
HIMMY SIDEYE BUCKETS
4:13 Loom
8:12 Feudal Age
9:36 Double-Bit Axe
9:32 Horse Collar
14:00 Castle Age
12:44 Gold Mining
13:58 Bloodlines
13:55 Scale Barding Armor
15:53 Wheelbarrow
15:47 Bow Saw
16:02 Heavy Plow
17:51 Forging
17:36 Fletching
20:23 Bodkin Arrow
25:54 Gold Shaft Mining
25:10 Stone Mining
27:39 Hand Cart
28:23 Stone Shaft Mining
29:23 Ballistics
29:00 Murder Holes
32:00 Imperial Age
29:17 Town Watch
29:57 Caravan
31:20 Iron Casting
31:06 Chain Barding Armor
30:47 Padded Archer Armor
30:50 Town Patrol
32:58 Tusk Swords
33:27 Conscription
33:08 Double Crossbow
33:45 Hoardings
33:12 Bracer
33:18 Husbandry
34:12 Crop Rotation
34:51 Blast Furnace
34:47 Plate Barding Armor
34:31 Leather Archer Armor
37:59 Chemistry
37:57 Elite Ballista Elephant
39:55 Ring Archer Armor
38:52 Heavy Scorpion
53:33 Siege Engineers
57:27 Light Cavalry
60:56 Hussar
ThunderThumsUp
1:20 Loom
7:45 Feudal Age
9:04 Horse Collar
9:13 Double-Bit Axe
10:13 Padded Archer Armor
11:10 Fletching
15:21 Gold Mining
15:24 Stone Mining
17:50 Castle Age
17:53 Crossbowman
20:39 Gold Shaft Mining
20:38 Leather Archer Armor
20:20 Bodkin Arrow
24:55 Murder Holes
25:21 Ballistics
26:38 Thumb Ring
27:12 Arson
27:29 Squires
32:13 Imperial Age
29:15 Elite Skirmisher
32:41 Stone Shaft Mining
32:28 Bow Saw
32:45 Fortified Wall
32:50 Masonry
34:32 Chemistry
35:26 Arbalester
37:20 Ring Archer Armor
40:01 Heavy Rocket Cart
41:15 Elite Fire Lancer
Rambao
1:32 Loom
9:14 Feudal Age
9:45 Double-Bit Axe
10:00 Horse Collar
14:21 Scale Barding Armor
14:27 Forging
15:32 Stone Mining
19:27 Castle Age
19:23 Gold Mining
20:48 Bloodlines
20:39 Husbandry
30:01 Murder Holes
31:06 Gold Shaft Mining
31:14 Iron Casting
31:32 Wheelbarrow
32:00 Marauders
32:41 Heavy Plow
34:44 Hand Cart
35:41 Chain Barding Armor
36:13 Bow Saw
40:53 Thumb Ring
40:09 Elite Skirmisher
40:52 Crossbowman
45:07 Padded Archer Armor
44:58 Fletching
47:14 Ballistics
47:14 Leather Archer Armor
59:21 Squires
Connection lost

Rejoining the realm…

Still unreachable

The connection could not be restored.

Session expired

The server has moved on; the page needs a fresh start.